 Dungeon Crawl Stone Soup version 0.30-a0-364-gf6b3ef1049 (webtiles) character file.

Game seed: 7216735024980606518

16333 Zonian the Nimble (level 12, -13/70 HPs)
             Began as a Djinni Ice Elementalist on Nov 15, 2022.
             Was a Priest of Ashenzari.
             Mangled by a merfolk siren
             ... wielding a +0 trident
              (19 damage)
             ... on level 3 of the Lair of Beasts.
             The game lasted 00:52:19 (25268 turns).

Zonian the Nimble (Djinni Ice Elementalist)        Turns: 25268, Time: 00:52:19

Health: -13/70     AC:  5    Str:  7    XL:     12   Next: 68%
Gold:   431        EV: 15    Int: 22    God:    Ashenzari [***...] SH: 12 Dex: 14

rFire   + . .      SeeInvis +    D - +1 quick blade (venom)
rCold   + . .      Faith    .    q - +2 kite shield "Share My Anxiety" {rC+, Self, Fort} (curse)
rNeg    . . .      Spirit   .    B - +1 leather armour "Ruined Together" {Stlth+, Range, Self} (curse)
rPois   ∞          Reflect  .    n - +0 hat of Ouranomancy {rCorr, Evo, Cun} (curse)
rElec   .          Harm     .    f - +0 cloak of Ashenzari's Visionary {Fort, Melee} (curse)
rCorr   +          Rampage  .    (no gloves)
Will    +....      Clarity  +    (boots unavailable)
Stlth   +++++.....               b - amulet of the acrobat
HPRegen 0.31/turn                w - ring of ice
MPRegen 0.00/turn                (no ring)

@: flying
A: sickness immunity, fire resistance 2, cold vulnerability 1, float, innate
caster, HP casting, extra vitality 1
a: Renounce Religion, Shatter the Chains


You were on level 3 of the Lair of Beasts.
You worshipped Ashenzari.
Ashenzari was most pleased with you.
You visited 3 branches of the dungeon, and saw 13 of its levels.

You collected 791 gold pieces.
You spent 360 gold pieces at shops.

Inventory:

Hand Weapons
 i - a +0 war axe
 j - a +0 short sword
 k - a +0 sling
 u - a +4 spear
 x - a +0 short sword of flaming
 y - a +0 dagger of electrocution
 A - a +0 whip of draining
 D - a +1 quick blade of venom (weapon)
 G - a +0 dagger of speed
Missiles
 d - 7 boomerangs
 e - a throwing net
 v - 2 javelins
 z - 23 poisoned darts
 E - a curare-tipped dart
 N - 3 datura-tipped darts
Armour
 a - a +1 robe
 f - the cursed +0 cloak of Ashenzari's Visionary (worn) {Fort, Melee}
   (You found it on level 4 of the Dungeon)

   It has a curse which improves the following skills: Fortitude: Armour and
   Shields.
   Melee Combat: Short Blades, Long Blades, Axes, Maces & Flails, Polearms,
   Staves and Unarmed Combat.
 g - the +0 leather armour "Feack" {rF+ SInv}
   (You found it on level 7 of the Dungeon)

   rF:        It protects you from fire.
   SInv:      It lets you see invisible.
 n - the cursed +0 hat of Ouranomancy (worn) {rCorr, Evo, Cun}
   (You found it on level 4 of the Dungeon)

   rCorr:     It protects you from acid and corrosion.
   It has a curse which improves the following skills: Evocations: Evocations.
   Cunning:   Dodging and Stealth.
 q - the cursed +2 kite shield "Share My Anxiety" (worn) {rC+, Self, Fort}
   (You found it on level 8 of the Dungeon)

   It has a curse which improves the following skills: Introspection: Fighting
   and Spellcasting.
   Fortitude: Armour and Shields.
 B - the cursed +1 leather armour "Ruined Together" (worn) {Stlth+, Range, Self}
   (You bought it in a shop on level 1 of the Dungeon)

   Stlth:     It makes you more stealthy.
   It has a curse which improves the following skills: Ranged Combat: Ranged
   Weapons and Throwing.
   Introspection: Fighting and Spellcasting.
 I - a +1 buckler
Jewellery
 b - an amulet of the acrobat (around neck)
 w - a ring of ice (left hand)
Wands
 p - a wand of light (14)
 H - a wand of flame (31)
 K - a wand of roots (4)
 L - a wand of digging (4)
Scrolls
 l - a scroll of poison
 t - 7 scrolls of teleportation
 J - a scroll of fog
Potions
 c - 2 potions of heal wounds
 h - a potion of invisibility
 m - 2 potions of brilliance
 o - a potion of mutation
 r - 2 potions of might
 s - 2 potions of lignification
 C - 2 potions of curing
 F - 4 potions of attraction
Miscellaneous
 M - a box of beasts


   Skills:
 - Level 6.3(8.0) Short Blades
 - Level 10.4(12.0) Dodging
 - Level 8.7(10.3) Stealth
 + Level 4.0(6.2) Shields
 + Level 9.8(12.2) Spellcasting
 - Level 4.1(5.6) Evocations


You had 10 spell levels left.
You knew the following spells:

 Your Spells              Type           Power      Damage    Failure   Level
a - Freeze                Ice            100%       1d10      1%          1
b - Frozen Ramparts       Ice            100%       1d16      1%          3
c - Ozocubu's Armour      Ice            79%        N/A       1%          3
d - Searing Ray           Conj           100%       2d8       1%          2
e - Summon Small Mammal   Summ           100%       N/A       1%          1
f - Summon Ice Beast      Ice/Summ       79%        N/A       1%          4
g - Summon Guardian Gole  Hex/Summ       61%        N/A       1%          3
h - Cause Fear            Hex            30%        N/A       1%          4
i - Dispel Undead         Necr           61%        3d21      1%          4
Your spell library was empty.

Dungeon Overview and Level Annotations

Branches:
Dungeon (9/15)             Temple (1/1) D:4            Lair (3/5) D:9
 Shoals (0/4) Lair:3        Snake (0/4) Lair:2
    Orc: D:9-12

Altars:
Ashenzari
Cheibriados
Dithmenos
Elyvilon
Fedhas
Gozag
Hepliaklqana
Makhleb
Nemelex Xobeh
Okawaru
Qazlal
Ru
Trog
Uskayaw
Wu Jian
Xom
Yredelemnul
Zin
The Shining One

Shops:
D:1 [:[!   D:2 [*   D:3 =(=[   D:4 *   D:7 !

Annotations:
D:3 2 runed translucent doors, purpskrrrp's ghost, amateur KoWn


Innate Abilities, Weirdness & Mutations

You are immune to sickness and miasma.
You are immune to poison.
Your flesh is very heat resistant. (rF++)
You are vulnerable to cold. (rC-)
You float through the air rather than walking.
You learn spells naturally, not from books.
Your magical power is your life essence.
You have superior vitality. (+4 MHP)


Message History

The merfolk siren completely misses you.
The searing ray hits the merfolk siren.
The merfolk siren is heavily wounded.
You finish channelling your searing ray.
The merfolk siren completely misses you.
Unknown command.
Casting: Searing Ray (safe; 1% risk of failure)
Confirm with . or Enter, or press ? or * to list all spells.
Aiming: Searing Ray (safe; 1% risk of failure)
Press: ? - help, Shift-Dir - straight line, f/p - merfolk siren
Aim: a merfolk siren, wielding a +0 trident (heavily wounded, 79% to hit)
The searing ray misses the merfolk siren. (Press . to maintain the ray.)
The merfolk siren completely misses you.
Unknown command.
The searing ray hits the merfolk siren!
The merfolk siren is severely wounded.
The merfolk siren hits you from afar with a +0 trident!
* * * LOW HITPOINT WARNING * * *
The searing ray hits the merfolk siren!
The merfolk siren is almost dead.
* * * LOW HITPOINT WARNING * * *
The merfolk siren hits you from afar with a +0 trident!
* * * LOW HITPOINT WARNING * * *
The searing ray hits the merfolk siren.
The merfolk siren is almost dead.
* * * LOW HITPOINT WARNING * * *
You finish channelling your searing ray.
The merfolk siren chants a haunting song.
You are unaffected.
Unknown command.
You feel better.
The merfolk siren hits you from afar with a +0 trident!
* * * LOW HITPOINT WARNING * * *
Aiming: Bolt of Light
Press: ? - help, Shift-Dir - straight line, f/p - merfolk siren
Aim: a merfolk siren, wielding a +0 trident (almost dead, 67% to hit)
The bolt of light misses the merfolk siren.
The merfolk siren hits you from afar with a +0 trident!!
You die...

, * #>#..## , , ~~~~.). *
###~~).### ,###.###)~..##
*##.....###...# ............##
####
.##Y............m######..#
.YY.. Y......##....##...###
.Y..,,.....##*##@..###....####
... ..## ##(..##P.......###
..# #* #..#..#..........# ^.#*
####............P## ..#
##...#............ #*
##...#............. #
#...#.##........... #
#...#########....#. # ##..##
#######


You could see a merfolk siren.

Vanquished Creatures
  A hydra (Lair:2)
  3 black mambas (Lair:2)
  4 cane toads
  2 rime drakes
  A komodo dragon (Lair:1)
  3 merfolk (Lair:3)
  A polar bear (Lair:3)
  2 hornets
  A shadow (D:7)
  4 basilisks
  30 yaks
  4 wyverns
  2 steam dragons
  Grum (D:9)
  15 water moccasins
  2 black bears
  4 orc warriors
  A sky beast (D:7)
  2 ogres
  6 wolves
  5 centaurs (D:9)
  A phantom (D:4)
  3 kobold brigands
  9 bullfrogs
  2 scorpions
  4 wights (D:9)
  An electric eel (D:9)
  3 howler monkeys (D:8)
  7 hounds
  4 orc priests
  An iguana (D:5)
  7 orc wizards
  8 gnolls
  9 adders
  A white imp (D:7)
  2 ufetubi
  7 worms
  A dart slug (D:2)
  39 orcs
  5 ball pythons
  7 bats
  9 endoplasms
  5 giant cockroaches
  5 hobgoblins
  8 jackals (D:2)
  2 quokkas
  4 frilled lizards
  5 goblins
  22 kobolds
  2 rats
  2 butterflies (D:4)
279 creatures vanquished.

Vanquished Creatures (collateral kills)
  A komodo dragon (Lair:1)
1 creature vanquished.

Vanquished Creatures (others)
  15 demonic plants (D:3)
  25 fungi
  38 plants
  8 withered plants (D:3)
86 creatures vanquished.

Grand Total: 366 creatures vanquished

Notes
Turn   | Place    | Note
-------+----------+-------------------------------------------
     0 | D:1      | Zonian the Djinni Ice Elementalist began the quest for the
                  | Orb.
     0 | D:1      | Zonian set off with the following spells memorised: Freeze,
                  | Frozen Ramparts, Ozocubu's Armour, Summon Ice Beast.
     0 | D:1      | Reached XP level 1. HP: 15/15 MP: 0/0
    54 | D:1      | Found Myuz's Distillery.
    73 | D:1      | Found Uxuv's Antique Armour Shoppe.
   388 | D:1      | Found Deogun's Armour Emporium.
   420 | D:1      | Reached XP level 2. HP: 13/21 MP: 0/0
   580 | D:1      | Found Weuts's Book Shop.
  1525 | D:2      | Reached XP level 3. HP: 14/25 MP: 0/0
  1525 | D:2      | Learned a level 1 spell: Summon Small Mammal
  1582 | D:2      | Found Dilirhasm's Armour Shoppe.
  1674 | D:2      | Reached skill level 3 in Dodging
  1674 | D:2      | Reached XP level 4. HP: 23/31 MP: 0/0
  2090 | D:2      | Found Ahuosob's Assorted Antiques.
  2656 | D:2      | Reached XP level 5. HP: 34/35 MP: 0/0
  2656 | D:2      | Learned a level 2 spell: Searing Ray
  2905 | D:3      | Found Wiugruy's Weapon Emporium.
  3928 | D:3      | Found Saegh's Jewellery Shoppe.
  3932 | D:3      | Found Sejaha's Armour Boutique.
  4144 | D:3      | Reached skill level 4 in Dodging
  4338 | D:3      | Found a faded altar of an unknown god.
  4496 | D:3      | Reached XP level 6. HP: 23/40 MP: 0/0
  4498 | D:3      | Identified the +0 ring mail of the Gastropod {Str+3}
  4630 | D:3      | Found Onaep's Jewellery Emporium.
  4846 | D:3      | Found a large runed translucent door.
  4846 | D:3      | Found a large runed translucent door.
  4849 | D:3      | Noticed purpskrrrp's ghost (amateur KoWn)
  5197 | D:4      | Found Ucuchol's General Store.
  5214 | D:4      | Identified the +0 hat "Vorrent" {rCorr}
  5285 | D:4      | Found a staircase to the Ecumenical Temple.
  5296 | Temple   | Entered the Ecumenical Temple
  5539 | D:4      | Noticed a water moccasin
  5544 | D:4      | Killed a water moccasin
  5545 | D:4      | Reached XP level 7. HP: 34/45 MP: 0/0
  5545 | D:4      | Learned a level 3 spell: Summon Guardian Golem
  5965 | D:4      | Found a glowing silver altar of Zin.
  5966 | D:4      | Found a broken altar of Ashenzari.
  5966 | D:4      | Found an opulent altar of Gozag.
  5966 | D:4      | Found a bloodstained altar of Trog.
  5967 | D:4      | Found an ornate altar of the Wu Jian Council.
  5967 | D:4      | Found a glowing golden altar of the Shining One.
  5968 | D:4      | Found a sacrificial altar of Ru.
  5968 | D:4      | Found a shadowy altar of Dithmenos.
  5970 | D:4      | Found a hide-covered altar of Uskayaw.
  5970 | D:4      | Found an iron altar of Okawaru.
  5974 | D:4      | Became a worshipper of Ashenzari the Shackled
  6348 | D:5      | Entered Level 5 of the Dungeon
  6358 | D:5      | Reached skill level 5 in Dodging
  7389 | D:5      | Noticed a water moccasin
  7398 | D:5      | Killed a water moccasin
  7399 | D:5      | Reached XP level 8. HP: 20/50 MP: 0/0
  8119 | D:5      | Reached skill level 5 in Spellcasting
  8250 | D:5      | Reached skill level 6 in Dodging
  8250 | D:5      | Reached skill level 5 in Stealth
 10039 | D:1      | Bought an ancient leather armour for 175 gold pieces
 10039 | D:1      | Identified the +1 leather armour of Disguise {Stlth+} (You
                  | bought it in a shop on level 1 of the Dungeon)
 10213 | D:6      | Reached skill level 7 in Dodging
 10213 | D:6      | Reached XP level 9. HP: 43/55 MP: 0/0
 10213 | D:6      | Learned a level 4 spell: Cause Fear
 10931 | D:6      | Identified a scroll of acquirement
 10931 | D:6      | Acquired a +1 quick blade of venom
 11837 | D:7      | Identified the +1 robe "Xoshrukiy" {Harm Str+4}
 12177 | D:7      | Found a stormy altar of Qazlal.
 12181 | D:7      | Found a blossoming altar of Fedhas.
 12373 | D:1      | Bought a +0 buckler for 45 gold pieces
 12590 | D:7      | Noticed a hornet
 12662 | D:7      | Killed a hornet
 12663 | D:7      | Reached skill level 1 in Shields
 12838 | D:7      | Identified the +0 leather armour "Feack" {rF+ SInv}
 12850 | D:7      | Reached * piety under Ashenzari
 12860 | D:7      | Found Yriumooll's Distillery.
 12868 | D:7      | Bought a potion of heal wounds for 70 gold pieces
 12868 | D:7      | Bought a potion of heal wounds for 70 gold pieces
 13521 | D:7      | Reached skill level 8 in Dodging
 14142 | D:8      | Noticed a hornet
 14336 | D:8      | Reached XP level 10. HP: 53/60 MP: 0/0
 15021 | D:8      | Reached skill level 9 in Dodging
 15346 | D:8      | Found a white marble altar of Elyvilon.
 15433 | D:8      | Found a basalt altar of Yredelemnul.
 17928 | D:9      | Reached XP level 11. HP: 61/65 MP: 0/0
 17928 | D:9      | Learned a level 4 spell: Dispel Undead
 17940 | D:9      | Reached skill level 10 in Dodging
 18025 | D:9      | Noticed Grum
 18818 | D:9      | Killed Grum
 19022 | D:9      | Reached ** piety under Ashenzari
 19220 | D:9      | Found a staircase to the Lair.
 19325 | D:9      | Reached skill level 1 in Short Blades
 19325 | D:9      | Reached skill level 1 in Evocations
 19891 | Lair:1   | Entered Level 1 of the Lair of Beasts
 21759 | Lair:2   | Noticed a five-headed hydra
 21775 | Lair:2   | Killed a five-headed hydra
 21845 | Lair:2   | Found a staircase to the Snake Pit.
 21853 | Lair:2   | Reached XP level 12. HP: 64/70 MP: 0/0
 21925 | Lair:2   | Reached skill level 5 in Short Blades
 22239 | Lair:2   | Noticed a death yak
 22239 | Lair:2   | Noticed a death yak
 23280 | Lair:2   | Noticed a death yak
 24824 | Lair:3   | Reached *** piety under Ashenzari
 24833 | Lair:3   | Found a staircase to the Shoals.
 25268 | Lair:3   | Mangled by a merfolk siren

Illustrated notes

Levels and vault maps discovered:
D:1:      pf_arrival_petrified_forest, layout_basic, serial_shops,
          nicolae_shop_statue_plus, shop, nicolae_shop_stone,
          nicolae_shop_stone, nicolae_figureground_sparkle
D:2:      layout_basic, serial_shops, shop_statue, shop, nicolae_wormholes
D:3:      layout_loops_ring, shapermc_ecumenical_altar_gd,
          ebering_ghost_disaster_area, serial_shops, nicolae_shop_stone, shop,
          nicolae_shop_behind_doors, nicolae_shop_bloodbath_and_beyond,
          minmay_pentangle
D:4:      layout_basic, nicolae_overflows_in_rows,
          minmay_temple_entry_butterflies, serial_shops, nicolae_diamond_shop,
          minmay_crossroads
D:5:      layout_gridville, dreamdust_wishing_well
D:6:      layout_basic, minmay_holes, chequers_serial_rivers_small_a
D:7:      layout_cave_pods, grunt_temple_overflow_forces_of_nature,
          serial_shops, shop, nicolae_concentric_dashed_squares_wild
D:8:      layout_rooms, kennysheep_ying_yang
D:9:      cheibrodos_helix_gallery, layout_cave_pools,
          grunt_lair_entry_orc_guard_hut, hangedman_abyss_or_decor_clamps,
          grunt_ministairs_4, glass_columns_a, uniq_grum
Temple:   nicolae_temple_ecumenical_triangle
Lair:1:   layout_chaotic_city, grunt_megastairs_1, infiniplex_staircase_pool_2
Lair:2:   layout_cave_pods, minmay_snake_entry_six_corridors,
          serial_bayou_shore_b, grunt_megastairs_3
Lair:3:   layout_cave_pods, elwin_shoals_entry_stream

Skill      XL: |  1  2  3  4  5  6  7  8  9 10 11 12 |
---------------+-------------------------------------+-----
Stealth        | 2 3 4 5 6 8 |  8.7
Dodging        | 3 4 5 7 8 9 10 | 10.4
Spellcasting   | 4 5 6 7 8 9 |  9.8
Shields        | 2 3 4 |  4.0
Short Blades   | 3 6 |  6.3
Evocations     | 4 |  4.1

Action                   |  1- 3 |  4- 6 |  7- 9 | 10-12 || total
-------------------------+-------+-------+-------+-------++-------
Melee: Unarmed           |     5 |       |       |       ||     5
       Dagger            |     9 |    93 |    22 |     7 ||   131
       Punch             |       |     3 |     1 |       ||     4
       Spear             |       |       |    38 |       ||    38
       Quick blade       |       |       |    44 |   401 ||   445
Throw: Javelin           |       |       |     2 |       ||     2
       Boomerang         |       |       |     1 |     3 ||     4
 Cast: Freeze            |    39 |    85 |    21 |     9 ||   154
       Summon Small Mamm |       |     1 |       |       ||     1
       Frozen Ramparts   |       |    11 |    18 |    29 ||    58
       Searing Ray       |       |     3 |    36 |    52 ||    91
       Ozocubu's Armour  |       |     1 |     3 |    12 ||    16
       Summon Ice Beast  |       |       |       |     1 ||     1
       Dispel Undead     |       |       |       |     1 ||     1
       Summon Guardian G |       |       |       |     1 ||     1
Invok: Curse Item        |       |       |     2 |     2 ||     4
Evoke: Wand              |       |       |     1 |     8 ||     9
  Use: Potion            |       |     4 |     2 |     3 ||     9
       Scroll            |       |     9 |     7 |     1 ||    17
 Stab: Sleeping          |       |     1 |     4 |    11 ||    16
       Distracted        |       |       |       |     2 ||     2
       Invisible         |       |       |       |     1 ||     1
Armor: Robe              |    10 |    27 |    13 |       ||    50
       Skin              |       |    24 |       |       ||    24
       Leather armour    |       |       |     9 |    48 ||    57
Dodge: Dodged            |    27 |    89 |   142 |   279 ||   537
Block: Buckler           |       |       |     7 |    95 ||   102
       Kite shield       |       |       |       |    42 ||    42

Table legend: (Time is in decaauts)
 A = Elapsed time spent in this place.
 B = Non-inter-level travel time spent in this place.
 C = Inter-level travel time spent in this place.
 D = Time resting spent in this place.
 E = Time spent auto-exploring this place.
 F = Levels seen in this place.
 G = Mean time per level.
                   A        B        C        D        E       F      G
               +--------+--------+--------+--------+--------+-----+--------+
         Total |  25115 |  24031 |   1084 |  13715 |   6553 |  13 | 1931.9 |
       Dungeon |  19786 |  18759 |   1027 |  10921 |   5179 |   9 | 2198.4 |
        Temple |     62 |     58 |      4 |      0 |     56 |   1 |   62.0 |
          Lair |   5266 |   5214 |     52 |   2794 |   1318 |   3 | 1755.3 |
               +--------+--------+--------+--------+--------+-----+--------+

Top non-repeatable levels by time:
     D:9: 2990 daAuts
     D:8: 2756 daAuts
     D:7: 2657 daAuts
     D:6: 2440 daAuts
     D:5: 2240 daAuts
     D:2: 2112 daAuts
  Lair:2: 2048 daAuts
  Lair:1: 1769 daAuts
     D:3: 1629 daAuts
     D:1: 1580 daAuts
  Lair:3: 1448 daAuts
     D:4: 1379 daAuts
  Temple: 62 daAuts
